 Dungeon Crawl Stone Soup version 0.25.1-2-g60ff931df9 (webtiles) character file.

Game seed: 11761594161264566231

897801 gruber the Invulnerable (level 27, -20/254 HPs)
             Began as a Deep Dwarf Fighter on Oct 17, 2020.
             Was the Champion of Makhleb.
             Killed from afar by Asmodeus (51 damage)
             ... with damnation
             ... on level 7 of Gehenna.
             The game lasted 02:34:35 (76339 turns).

gruber the Invulnerable (Deep Dwarf Fighter)       Turns: 76339, Time: 02:34:35

Health: -20/254    AC: 44    Str: 29    XL:     27
Magic:  47/47 (38) EV: 20    Int: 12    God:    Makhleb [******]
Gold:   5678       SH: 32    Dex: 12    Spells: 50/60 levels left

rFire    + + +     SeeInvis +   O - +9 broad axe (holy)
rCold    + + .     Gourm    .   t - +0 tower shield
rNeg     + + +     Faith    .   U - +9 gold dragon scales
rPois    +         Spirit   .   W - +0 helmet of the Game of Kings {rC+ rN++ Str-3 SInv}
rElec    +         Reflect  +   s - +0 cloak {rPois}
rCorr    .         Harm     .   H - +4 pair of gloves "Taet" {Slay+2}
MR       +++++     Clarity  +   N - +2 pair of boots
Stlth    ..........             A - amulet of reflection
HPRegen  0.00/turn              T - ring "Tusmaxza" {*Contam rElec rF++ Stlth-}
MPRegen  0.30/turn              B - ring "Ofe Bewk" {rN+ MR+ MP+9 Int+2 Slay+3}

@: mighty, non-regenerating, hasted, studying Ice Magic, very quick
A: damage resistance, heal wounds, clarity, deformed body, magic resistance 1,
negative energy resistance 1, sense surroundings 3, subdued magic 1, no
regeneration
}: 4/15 runes: serpentine, barnacled, iron, bone
a: Heal Wounds, Minor Destruction, Lesser Servant of Makhleb, Major Destruction,
Greater Servant of Makhleb, Renounce Religion


You were on level 7 of Gehenna.
You worshipped Makhleb.
Makhleb was exalted by your worship.
You were not hungry.

You visited 14 branches of the dungeon, and saw 69 of its levels.
You visited 1 bazaar.
You also visited: Sewer, Ossuary, Ice Cave and Wizlab.

You collected 8196 gold pieces.
You spent 2518 gold pieces at shops.

Inventory:

Hand Weapons
 a - a +1 antimagic broad axe
 K - a +5 broad axe of flaming
 O - a +9 broad axe of holy wrath (weapon)
Missiles
 k - 34 javelins (quivered)
Armour
 s - a +0 cloak of poison resistance (worn)
 t - a +0 tower shield (worn)
 H - the +4 pair of gloves "Taet" (worn) {Slay+2}
   (You acquired it on level 2 of the Depths)

   It affects your accuracy and damage with ranged weapons and melee attacks
   (+2).
 N - a +2 pair of boots (worn)
 U - +9 gold dragon scales (worn)
 W - the +0 helmet of the Game of Kings (worn) {rC+ rN++ Str-3 SInv}
   (You bought it in a shop on level 2 of the Orcish Mines)

   It affects your strength (-3).
   It protects you from cold.
   It greatly protects you from negative energy.
   It lets you see invisible.
Jewellery
 A - an amulet of reflection (around neck)
 B - the ring "Ofe Bewk" (right hand) {rN+ MR+ MP+9 Int+2 Slay+3}
   (You found it on level 7 of the Iron City of Dis)

   [ring of magical power]

   It affects your intelligence (+2).
   It affects your accuracy and damage with ranged weapons and melee attacks
   (+3).
   It protects you from negative energy.
   It affects your resistance to hostile enchantments.
   It affects your magic capacity (+9).
 C - an uncursed ring of resist corrosion
 T - the ring "Tusmaxza" (left hand) {*Contam rElec rF++ Stlth-}
   (You found it on level 9 of the Dungeon)

   [ring of attention]

   It greatly protects you from fire.
   It insulates you from electricity.
   It causes magical contamination when unequipped.
   It makes you less stealthy.
Wands
 d - a wand of disintegration (49)
 u - a wand of random effects (27)
 D - a wand of iceblast (42)
 E - a wand of clouds (10)
 J - a wand of acid (17)
 Y - a wand of digging (10)
Scrolls
 b - 9 scrolls of amnesia
 c - a scroll of brand weapon
 l - 18 scrolls of remove curse
 m - 11 scrolls of blinking
 q - 6 scrolls of fear
 w - 7 scrolls of fog
 y - 21 scrolls of teleportation
 G - a scroll of enchant armour
 R - 6 scrolls of magic mapping
 S - 8 scrolls of identify
Potions
 e - 9 potions of brilliance
 g - 5 potions of berserk rage
 h - 4 potions of flight
 j - 8 potions of haste
 n - 15 potions of curing
 o - 4 potions of invisibility
 r - a potion of magic
 v - 4 potions of cancellation
 x - 7 potions of heal wounds
 z - 4 potions of stabbing
 M - 3 potions of resistance
 Z - 6 potions of might
Books
 p - a manual of Ice Magic
 I - a manual of Ice Magic
Comestibles
 f - 55 rations


   Skills:
 - Level 16.5 Fighting
 - Level 22.5 Axes
 O Level 27 Armour
 O Level 27 Dodging
 O Level 27 Shields
 * Level 17.1 Spellcasting
 O Level 27 Translocations
 - Level 14.2 Invocations


You had 50 spell levels left.
You knew the following spells:

 Your Spells              Type           Power        Failure   Level  Hunger
a - Controlled Blink      Tloc           N/A          2%          8    #######
b - Blink                 Tloc           N/A          0%          2    None

Your spell library contained the following spells:

 Spells                   Type           Power        Failure   Level  Hunger
 Apportation              Tloc           ######       0%          1    None
 Gell's Gravitas          Tloc           ######....   0%          3    None
 Lesser Beckoning         Tloc           ######....   0%          3    None
 Passage of Golubria      Tloc           N/A          0%          4    ##.....
 Shroud of Golubria       Chrm/Tloc      ####..       1%          2    None
 Portal Projectile        Hex/Tloc       ####..       1%          3    None
 Recall                   Summ/Tloc      N/A          1%          3    None
 Iskenderun's Mystic Bla  Conj/Tloc      ####....     1%          4    ##.....
 Dispersal                Tloc           ######....   1%          6    ######.
 Summon Forest            Summ/Tloc      ####......   2%          5    ####...
 Disjunction              Tloc           ######....   2%          8    #######
 Animate Skeleton         Necr           N/A          28%         1    None
 Beastly Appendage        Tmut           #.....       28%         1    None
 Corona                   Hex            #......      28%         1    None
 Foxfire                  Conj/Fire      #...         28%         1    None
 Freeze                   Ice            #...         28%         1    None
 Infusion                 Chrm           #...         28%         1    None
 Magic Dart               Conj           #...         28%         1    None
 Pain                     Necr           #...         28%         1    None
 Shock                    Conj/Air       #...         28%         1    None
 Sting                    Tmut/Pois      #...         28%         1    None
 Summon Butterflies       Summ           #.......     28%         1    None
 Summon Small Mammal      Summ           #...         28%         1    None
 Call Imp                 Summ           #.......     38%         2    None
 Corpse Rot               Necr/Air       N/A          38%         2    None
 Passwall                 Tmut/Erth      #.......     38%         2    None
 Poisonous Vapours        Pois/Air       #.....       38%         2    None
 Searing Ray              Conj           #.....       38%         2    None
 Slow                     Hex            #.......     38%         2    None
 Song of Slaying          Chrm           #.......     38%         2    None
 Sticks to Snakes         Tmut           #.......     38%         2    None
 Sublimation of Blood     Necr           #.........   38%         2    None
 Swiftness                Chrm/Air       #.......     38%         2    None
 Call Canine Familiar     Summ           #.......     63%         3    None
 Confusing Touch          Hex            #.......     63%         3    None
 Conjure Flame            Conj/Fire      #.......     63%         3    None
 Dazzling Flash           Conj/Hex       #.....       63%         3    None
 Frozen Ramparts          Ice            #.....       63%         3    None
 Ignite Poison            Fire/Tmut/Pois #.......     63%         3    None
 Inner Flame              Hex/Fire       #.......     63%         3    None
 Mephitic Cloud           Conj/Pois/Air  #.......     63%         3    None
 Ozocubu's Armour         Chrm/Ice       #.......     63%         3    None
 Spectral Weapon          Hex/Chrm       #.......     63%         3    None
 Spider Form              Tmut/Pois      #.........   63%         3    None
 Static Discharge         Conj/Air       #.......     63%         3    None
 Stone Arrow              Conj/Erth      #.....       63%         3    None
 Tukima's Dance           Hex            #.......     63%         3    None
 Vampiric Draining        Necr           #.........   63%         3    None
 Airstrike                Air            #.........   96%         4    ##.....
 Animate Dead             Necr           N/A          96%         4    ##.....
 Cause Fear               Hex            #.........   96%         4    ##.....
 Fulminant Prism          Conj/Hex       #.........   96%         4    ##.....
 Hailstorm                Conj/Ice       #.......     96%         4    ##.....
 Ice Form                 Ice/Tmut       #.......     96%         4    ##.....
 Leda's Liquefaction      Hex/Erth       #.........   96%         4    ##.....
 Olgreb's Toxic Radiance  Pois           #.......     96%         4    ##.....
 Petrify                  Tmut/Erth      #.......     96%         4    ##.....
 Summon Ice Beast         Ice/Summ       #.......     96%         4    ##.....
 Agony                    Necr           #.......     100%        5    ####...
 Alistair's Intoxication  Tmut/Pois      #.......     100%        5    ####...
 Blade Hands              Tmut           #.........   100%        5    ####...
 Bolt of Magma            Conj/Fire/Erth #.........   100%        5    ####...
 Borgnjor's Vile Clutch   Necr/Erth      #.........   100%        5    ####...
 Irradiate                Conj/Tmut      #.........   100%        5    ####...
 Iskenderun's Battlesphe  Conj/Chrm      #.......     100%        5    ####...
 Lee's Rapid Deconstruct  Erth           #.........   100%        5    ####...
 Lightning Bolt           Conj/Air       #.........   100%        5    ####...
 Metabolic Englaciation   Hex/Ice        #.........   100%        5    ####...
 Summon Mana Viper        Hex/Summ       #.......     100%        5    ####...
 Yara's Violent Unravell  Hex/Tmut       #.........   100%        5    ####...
 Conjure Ball Lightning   Conj/Air       #.........   100%        6    ######.
 Darkness                 Hex            #.........   100%        6    ######.
 Death Channel            Necr           #.........   100%        6    ######.
 Eringya's Noxious Bog    Tmut/Pois      #.........   100%        6    ######.
 Freezing Cloud           Conj/Ice/Air   #.........   100%        6    ######.
 Hydra Form               Tmut           #.........   100%        6    ######.
 Invisibility             Hex            #.......     100%        6    ######.
 Iron Shot                Conj/Erth      #.........   100%        6    ######.
 Ozocubu's Refrigeration  Ice            #.........   100%        6    ######.
 Simulacrum               Ice/Necr       #.........   100%        6    ######.
 Orb of Destruction       Conj           #.........   100%        7    #######
 Ring of Flames           Chrm/Fire      #.........   100%        7    #######
 Spellforged Servitor     Conj/Summ      #.........   100%        7    #######
 Summon Hydra             Summ           #.........   100%        7    #######


Dungeon Overview and Level Annotations

Branches:
Dungeon (15/15)            Temple (1/1) D:6            Lair (6/6) D:11
 Shoals (4/4) Lair:4        Snake (4/4) Lair:2        Slime (0/5) Lair:5
    Orc (2/2) D:10            Elf (3/3) Orc:2        Vaults (4/5) D:14
  Crypt (3/3) Vaults:2       Tomb (0/3) Crypt:3      Depths (5/5) D:15
   Hell (visited)             Dis (7/7) Hell            Geh (7/7) Hell
    Coc (0/7) Hell            Tar (7/7) Hell            Zot (0/5) Depths:5
  Sewer (visited)         Ossuary (visited)           IceCv (visited)
 WizLab (visited)

Altars:
Ashenzari
Cheibriados
Dithmenos
Elyvilon
Fedhas
Gozag
Hepliaklqana
Kikubaaqudgha
Makhleb
Nemelex Xobeh
Okawaru
Qazlal
Ru
Sif Muna
Trog
Uskayaw
Vehumet
Wu Jian
Xom
Yredelemnul
Zin
The Shining One

Shops:
D:10 =   D:12 *   D:15 !?   Orc:2 !*([   Elf:2 (   Shoals:3 :=*   Snake:2 %
Vaults:1 ?   Vaults:2 (   Vaults:4 [(%[   Depths:3 (

Portals:
Hell: Depths:1 Depths:2 Depths:3 Depths:4 Depths:5
Abyss: Depths:4 Depths:5
Pandemonium: Depths:3 Depths:5
Ziggurat: Depths:4
Trove: Depths:2 (give 7 potions of haste)

Annotations:
D:7 1 runed translucent door, gruber's ghost, novice DrTm
Lair:4 exclusion: oklob plant
Vaults:4 1 runed translucent door, Adoajy's ghost, adept DsWr
Depths:3 1 runed translucent door
Geh:7 Asmodeus


Innate Abilities, Weirdness & Mutations

You are resistant to damage.
You can heal yourself by infusing magical energy.
You resist negative energy. (rN+)
You passively map a large area around you.
You do not regenerate.
You possess an exceptional clarity of mind.
Armour fits poorly on your strangely shaped body.
You are resistant to hostile enchantments. (MR+)
Your spells are a little easier to cast, but a little less powerful.


Message History

Unknown command.
Unknown command.
You slash Asmodeus!
Asmodeus convulses.
Asmodeus is heavily wounded.
You are engulfed in blazing flames.
You resist.
Asmodeus hits you with the +7 sceptre of Asmodeus!
* * * LOW HITPOINT WARNING * * *
Unknown command.
Unknown command.
You slash Asmodeus!
Asmodeus convulses.
Asmodeus is heavily wounded.
You are engulfed in blazing flames.
You resist.
Unknown command.
Unknown command.
You slice Asmodeus!!
Asmodeus convulses!!
Asmodeus is severely wounded.
You are engulfed in blazing flames.
You resist. Asmodeus gestures at you.
The sphere of damnation explodes!
The damnation engulfs you!!!
You die...

≈≈ ,+ ** § ≈ ≈ ≈ * 9 ≈
≈≈ ,, , , '*
#§§§≈≈§≈≈≈≈≈ ≈≈ , *
*#≈§§§≈§##≈≈≈ ≈ ≈≈ , , ,
#§§§§≈§##≈≈≈ ≈ ≈ ,
,*#≈§≈§≈≈≈≈≈≈≈ ≈ ,, °*
,,, #§§≈§≈§≈≈≈≈≈ ≈≈ ≈≈
..##.########≈≈≈≈§≈≈§§§§
≈ ≈≈
.....§&@.....§§≈≈§≈§§≈≈§
≈ ≈≈≈
§.§§§°.§§§....§....§)...
≈ ≈≈
≈≈§≈§§§§§§≈≈≈....§§§)...
≈
≈≈§§§≈≈≈≈≈≈§≈≈≈≈≈§§≈≈≈§≈
≈ ≈ ≈≈
########################
########################


You could see Asmodeus (dazed).

Vanquished Creatures
  Ereshkigal (Tar:7)
  Dispater (Dis:7)
  2 juggernauts
  Mennas (Crypt:3)
  5 ancient liches
  Sojobo (Crypt:3)
  Margery (Vaults:4)
  2 caustic shrikes
  10 golden dragons
  Geryon (Hell)
  the Enchantress (Depths:4)
  16 bone dragons
  Jory (Crypt:2)
  58 Tzitzimimeh
  18 doom hounds
  13 iron giants
  33 Brimstone Fiends
  9 liches
  Jorgrun (D:15)
  5 Ice Fiends
  A tentacled monstrosity (Depths:4)
  10 Hell Sentinels
  4 quicksilver dragons
  3 deep elf master archers (Elf:3)
  A titan (Depths:2)
  2 Executioners (Dis:3)
  2 krakens (Shoals:3)
  2 deep elf blademasters
  13 ancient champions
  2 sphinxes
  10 shadow dragons
  2 tengu reavers
  Donald (Crypt:1)
  10 nagarajas
  10 fire giants
  A revenant (Crypt:1)
  Aizul (Elf:3)
  2 cacodemons (Dis:1)
  12 deep elf sorcerers
  10 balrugs
  3 frost giants
  6 iron dragons
  3 draconian scorchers
  10 vault wardens
  A draconian shifter (Depths:2)
  2 curse skulls
  2 draconian stormcallers
  7 spriggan defenders
  3 deep elf elementalists
  2 ghouls (Crypt:3)
  8 ironheart preservers
  2 draconian annihilators
  A small abomination (Vaults:1)
  13 very ugly things
  20 stone giants
  109 reapers
  18 war gargoyles
  An entropy weaver (Vaults:4)
  11 deep elf demonologists
  13 deep elf annihilators
  2 large abominations (Vaults:1)
  3 purple draconians (Depths:5)
  24 vampire knights
  2 black draconians (Depths:5)
  A lorocyproca (Hell)
  4 spark wasps (Depths:1)
  5 blizzard demons
  5 deep elf death magi
  3 crystal guardians (Crypt:3)
  The ghost of Ceckukk the Geomancer, a journeyman GrEE of Sif Muna (Lair:1)
  9 quicksilver dragon zombies
  7 ettins
  5 merfolk impalers (Shoals:4)
  3 merfolk javelineers
  8 yaktaur captains
  A spectral kraken (Tar:7)
  5 fire dragons
  14 jiangshi
  A deep elf high priest (Elf:3)
  4 great orbs of eyes
  Erolcha (Orc:2)
  5 quicksilver dragon skeletons
  5 hell beasts
  4 ghost crabs
  8 vault guards
  5 ice dragons
  The ghost of Kisinn the Severer, a journeyman MiBe of Trog (Lair:1)
  9 naga warriors
  6 hydras
  8 rakshasas
  13 ogre magi
  7 spriggan air magi
  An anaconda (shapeshifter) (Vaults:2)
  6 anacondas
  2 merfolk avatars
  An alligator (shapeshifter) (Depths:4)
  12 centaur warriors
  8 deep troll shamans
  An alligator snapping turtle (Shoals:4)
  4 death knights
  2 tengu warriors
  9 merfolk aquamancers
  An orc high priest (Orc:2)
  36 two-headed ogres
  3 satyrs
  26 dancing weapons
  16 deep troll earth magi
  8 vampire magi
  A death yak (D:11)
  12 titan zombies
  3 spriggan berserkers
  31 hell hogs
  5 shock serpents
  4 titan skeletons
  26 soul eaters
  17 naga sharpshooters
  An iron troll (shapeshifter) (Depths:5)
  15 sun demons
  117 hell knights
  5 shadow wraiths
  221 skeletal warriors
  5 iron trolls
  26 deep elf knights
  12 iron golems
  8 storm dragon zombies
  The ghost of Omyorom the Covert, a novice SpEE of Ashenzari (Lair:1)
  7 sea snakes
  7 salamander mystics
  A fire crab (Lair:6)
  7 storm dragon skeletons
  13 anaconda zombies
  An unseen horror (shapeshifter) (Depths:3)
  34 shadow demons
  2 ghost moth zombies
  5 unseen horrors
  6 golden dragon zombies
  3 glowing orange brains
  6 wizards
  An obsidian statue (Vaults:3)
  17 deep elf archers
  4 golden dragon skeletons
  24 flayed ghosts
  5 naga ritualists
  2 death drakes
  18 phantasmal warriors
  6 lindwurms
  9 shadow dragon zombies
  2 sphinx zombies
  13 mana vipers
  9 wolf spider zombies
  5 orc knights
  8 iron dragon zombies
  27 deep trolls
  37 necromancers
  12 frost giant zombies
  18 ironbrand convokers
  6 orc sorcerers
  15 fire giant zombies
  12 fauns
  17 harpies
  9 anaconda skeletons
  7 shadow dragon skeletons
  A wolf spider (Vaults:3)
  56 deep elf magi
  29 ugly things
  12 stone giant zombies
  10 cyclopes
  11 salamanders
  4 centaur zombies
  An elephant (D:11)
  5 iron dragon skeletons
  8 manticores
  8 dire elephant zombies
  7 merfolk sirens
  2 ice statues
  26 black mambas
  4 fire giant skeletons
  6 frost giant skeletons
  A titan simulacrum (Crypt:1)
  5 shock serpent zombies
  2 water nymphs (Shoals:3)
  7 molten gargoyles
  69 rust devils
  10 smoke demons
  2 spriggan skeletons (Depths:1)
  10 dire elephant skeletons
  7 guardian serpents
  14 naga magi
  9 stone giant skeletons
  22 vault sentinels
  2 shock serpent skeletons
  A black draconian zombie (Dis:2)
  2 torpor snails (Lair:6)
  10 spiny frogs
  15 spectral swamp worms
  49 hellions
  2 catoblepas zombies
  37 freezing wraiths
  5 komodo dragons
  2 emperor scorpion zombies
  A spriggan zombie (Depths:1)
  A minotaur zombie (Geh:2)
  A spiny frog (shapeshifter) (Vaults:3)
  32 yaktaurs
  4 rime drakes
  7 efreet
  7 human zombies
  A white draconian zombie (Tar:6)
  A yellow draconian zombie (Crypt:2)
  An anaconda simulacrum (Hell)
  A demonic crawler (Hell)
  22 ice devils
  A yaktaur skeleton (Depths:1)
  2 black draconian skeletons
  A tengu conjurer (Depths:3)
  16 hydra zombies
  2 guardian mummies (Crypt:1)
  A jumping spider (Vaults:4)
  69 tormentors
  A wolf spider simulacrum (IceCv)
  33 red devils
  6 silent spectres
  5 harpy zombies
  24 merfolk
  Grinder (D:3)
  11 polar bears
  9 trolls
  5 wind drakes
  A jumping spider (shapeshifter) (Vaults:2)
  10 hippogriffs
  11 dream sheep
  6 hydra skeletons
  8 fire dragon zombies
  8 hornets
  11 blink frogs
  11 ettin zombies
  29 slime creatures
  A frost giant simulacrum (Crypt:1)
  10 snapping turtles
  5 alligator zombies
  11 ice dragon zombies
  A dream sheep (shapeshifter) (D:13)
  216 flying skulls
  Sigmund (D:5)
  2 stone giant simulacra
  3 alligator skeletons
  2 air elementals
  2 redbacks
  9 ettin skeletons
  10 fire dragon skeletons
  7 ice dragon skeletons
  A black mamba zombie (Crypt:3)
  44 shadows
  19 water elementals
  A redback (shapeshifter) (Depths:5)
  16 spriggans
  5 vampires
  41 wraiths
  A tarantella (shapeshifter) (Vaults:3)
  6 wyverns
  65 yaks
  4 hogs (D:9)
  A black mamba skeleton (Geh:6)
  8 hungry ghosts
  4 basilisks
  A human (D:9)
  A human simulacrum (Vaults:3)
  32 fire elementals
  A steam dragon (D:7)
  A wind drake skeleton (Crypt:1)
  4 vampire mosquitoes (D:12)
  40 nagas
  2 two-headed ogre zombies (WizLab)
  5 wargs
  A gelid demonspawn zombie (Dis:3)
  A torturous demonspawn zombie (Crypt:1)
  A merfolk skeleton (Tar:4)
  13 water moccasins
  120 hell hounds
  A hydra simulacrum (Hell)
  A porcupine (shapeshifter) (Vaults:3)
  5 acid dragons
  A floating eye (Depths:3)
  7 porcupines
  5 spiny frog zombies
  4 swamp drakes (Depths:2)
  30 orc warriors
  10 ice beasts
  2 black bears
  12 sky beasts
  Purgy (Sewer)
  5 spiny frog skeletons
  An alligator simulacrum (Hell)
  A black bear (shapeshifter) (Vaults:1)
  9 snapping turtle zombies
  20 boggarts
  A manticore zombie (Dis:1)
  An eye of draining (D:11)
  54 necrophages
  25 ogres
  9 phantoms
  An ogre (shapeshifter) (Vaults:1)
  24 wolves
  42 centaurs
  2 elf skeletons
  A salamander zombie (Crypt:2)
  16 crocodiles
  A dream sheep skeleton (Crypt:2)
  7 snapping turtle skeletons
  2 swamp dragon skeletons
  A big kobold (D:11)
  An elf simulacrum (Depths:4)
  8 human skeletons
  5 elf zombies
  17 bullfrogs
  2 earth elementals
  A gnoll sergeant (D:8)
  3 water moccasin zombies
  A cyclops skeleton (Crypt:1)
  4 scorpions
  14 killer bees
  A water moccasin skeleton (Crypt:2)
  A swamp dragon simulacrum (IceCv)
  3 tengu zombies
  A troll skeleton (Tar:1)
  124 wights
  A raiju skeleton (Crypt:2)
  3 howler monkeys
  9 troll zombies
  3 electric eels
  16 crimson imps
  2 bullfrog zombies
  6 draconian simulacra (IceCv)
  7 hounds
  2 jellies
  35 orc priests
  9 centaur skeletons
  3 bullfrog skeletons
  40 iron imps
  Jessica (D:3)
  5 iguanas
  Ijyb (D:4)
  Terence (D:2)
  Natasha (thrice) (D:3)
  46 orc wizards
  4 troll simulacra (IceCv)
  4 worker ants
  4 hell rats (Hell)
  2 spriggan simulacra (IceCv)
  2 polar bear simulacra (IceCv)
  4 centaur simulacra (IceCv)
  3 ogre zombies
  3 big kobold zombies (Ossuary)
  A felid skeleton (Crypt:2)
  A naga skeleton (Geh:2)
  2 hound skeletons
  2 hound zombies
  17 mummies
  A worker ant zombie (D:11)
  12 gnolls
  A naga simulacrum (IceCv)
  A steam dragon zombie (Crypt:1)
  9 adders
  3 ogre simulacra (IceCv)
  27 shadow imps
  A steam dragon skeleton (Crypt:1)
  12 white imps (IceCv)
  An ufetubus (Depths:5)
  8 adder zombies
  A halfling zombie (Crypt:1)
  2 adder skeletons
  3 worms
  A dart slug (D:1)
  6 leopard geckos
  83 orcs
  A ball python (D:3)
  7 giant cockroaches
  2 gnoll zombies (Ossuary)
  13 goblins
  8 hobgoblins
  13 jackals
  11 kobolds
  3 quokkas
  12 bats
  8 frilled lizards
  5 hobgoblin zombies (Ossuary)
  6 kobold zombies
  An orc skeleton (Crypt:1)
  5 orc zombies
  A quokka skeleton (D:5)
  A quokka zombie (D:5)
  11 rats
  A bush (Elf:3)
  2 fungi (Depths:2)
  A plant (Shoals:1)
  7 tentacles
4288 creatures vanquished.

Vanquished Creatures (collateral kills)
  A juggernaut (Depths:2)
  An ancient lich (WizLab)
  Bai Suzhen (Shoals:4)
  Asterion (Depths:2)
  A sphinx (Depths:2)
  A nagaraja (Snake:4)
  An ogre mage (Depths:2)
  An ice dragon (Depths:2)
  2 two-headed ogres (Depths:2)
  A naga sharpshooter (Snake:4)
  A salamander mystic (Snake:4)
  A deep troll (Depths:2)
  2 naga ritualists (Snake:4)
  2 naga magi (Snake:4)
  A water nymph (Shoals:4)
  A guardian serpent (Snake:4)
  A dream sheep (Shoals:4)
  A naga (Snake:4)
  A swamp drake (Depths:2)
  An ogre (Depths:2)
  A killer bee (D:7)
24 creatures vanquished.

Vanquished Creatures (others)
  Frederick (Depths:4)
  A tentacled monstrosity (Depths:5)
  A tengu reaver (Crypt:3)
  A deep elf elementalist (Elf:3)
  A draconian stormcaller (Depths:2)
  2 naga warriors (Snake:4)
  2 hell hogs (Geh:4)
  An ogre mage (D:14)
  A deep elf knight (Vaults:1)
  An unseen horror (D:14)
  A lindwurm (Lair:3)
  An efreet (Geh:7)
  2 tormentors
  2 red devils
  A flying skull (Tar:3)
  A yak (Lair:3)
  A fire elemental (Hell)
  A hell hound (Dis:7)
  A spriggan zombie (Geh:7)
  A bush (Lair:3)
  6 fungi
  17 plants
  10 tentacles
  3 withered plants (Lair:1)
60 creatures vanquished.

Grand Total: 4372 creatures vanquished

Notes
Turn   | Place    | Note
-------+----------+-------------------------------------------
     0 | D:1      | gruber the Deep Dwarf Fighter began the quest for the Orb.
     0 | D:1      | Reached XP level 1. HP: 20/20 MP: 1/1
    66 | D:1      | Reached XP level 2. HP: 24/27 MP: 2/2
   145 | D:1      | Reached XP level 3. HP: 15/33 MP: 3/3
   704 | D:2      | Noticed Terence
   724 | D:2      | HP: 1/33 [Terence/+0 hand axe (7)]
   750 | D:2      | Killed Terence
   750 | D:2      | Reached XP level 4. HP: 17/40 MP: 4/4
   880 | D:2      | Found a sacrificial altar of Ru.
   939 | D:2      | Reached skill level 5 in Axes
  1602 | D:2      | Found a bloodstained altar of Trog.
  1671 | D:3      | Reached XP level 5. HP: 18/46 MP: 5/5
  1699 | D:3      | Noticed Natasha
  1703 | D:3      | Killed Natasha
  1761 | D:3      | Noticed Jessica
  1765 | D:3      | Killed Jessica
  1789 | D:3      | Noticed Natasha
  1790 | D:3      | Noticed Grinder
  1800 | D:3      | Killed Natasha
  1810 | D:3      | Noticed Natasha
  1821 | D:3      | Killed Natasha
  1826 | D:3      | Paralysed by Grinder for 6 turns
  1841 | D:3      | Killed Grinder
  1841 | D:3      | Reached XP level 6. HP: 25/55 MP: 6/6
  2177 | D:4      | Reached XP level 7. HP: 28/61 MP: 7/7
  2946 | D:4      | Noticed Ijyb
  2970 | D:4      | Killed Ijyb
  3375 | D:5      | Entered Level 5 of the Dungeon
  3409 | D:5      | HP: 1/61 [something (5)]
  3551 | D:5      | Found a sand-covered staircase.
  3572 | Ossuary  | Entered an ossuary
  3590 | Ossuary  | Reached skill level 10 in Axes
  3626 | Ossuary  | Reached XP level 8. HP: 46/68 MP: 7/7
  3805 | D:5      | Reached skill level 5 in Shields
  3805 | D:5      | HP: 2/68 [orc wizard/puff of frost (7)]
  3808 | D:5      | Reached skill level 1 in Dodging
  3900 | D:5      | Reached skill level 5 in Armour
  3941 | D:5      | Noticed Sigmund
  3950 | D:5      | Killed Sigmund
  4232 | D:6      | Found a staircase to the Ecumenical Temple.
  4253 | Temple   | Entered the Ecumenical Temple
  4485 | D:6      | Gained mutation: You passively map the area around you.
                  | [Deep Dwarf growth]
  4485 | D:6      | Reached XP level 9. HP: 32/74 MP: 7/7
  4711 | D:6      | Found a glowing drain.
  4715 | Sewer    | Entered a sewer
  4779 | Sewer    | Noticed Purgy
  4791 | Sewer    | Killed Purgy
  4987 | D:6      | Found a snail-covered altar of Cheibriados.
  4989 | D:6      | Found an iron altar of Okawaru.
  4989 | D:6      | Found a stormy altar of Qazlal.
  4994 | D:6      | Found a shimmering altar of Xom.
  5243 | D:7      | Found a shadowy altar of Dithmenos.
  5680 | D:7      | Found a runed translucent door.
  5680 | D:7      | Noticed gruber's ghost (novice DrTm)
  5716 | D:7      | Reached skill level 5 in Dodging
  6242 | D:7      | Reached XP level 10. HP: 35/81 MP: 8/8
  6957 | D:8      | Found a blossoming altar of Fedhas.
  7410 | D:9      | Noticed a cyclops
  7425 | D:9      | Killed a cyclops
  7440 | D:9      | Reached skill level 10 in Dodging
  7553 | D:9      | Reached skill level 10 in Armour
  7571 | D:9      | Found a shimmering blue altar of Sif Muna.
  7752 | D:9      | Got a shimmering lapis lazuli ring
  7754 | D:9      | Identified the ring "Tusmaxza" {*Contam rElec rF++ Stlth-}
                  | (You found it on level 9 of the Dungeon)
  7814 | D:9      | Reached XP level 11. HP: 15/88 MP: 8/8
  8012 | D:9      | Found a burning altar of Makhleb.
  8086 | D:9      | Became a worshipper of Makhleb the Destroyer
  8495 | D:10     | Entered Level 10 of the Dungeon
  8668 | D:10     | Found Vame's Jewellery Emporium.
  8964 | D:10     | Killed an unseen horror
  9096 | D:10     | Noticed a two-headed ogre
  9109 | D:10     | Killed a two-headed ogre
  9109 | D:10     | Reached * piety under Makhleb
  9550 | D:10     | HP: 1/88 [orc warrior/+0 glaive (22)]
  9622 | D:10     | Found a staircase to the Orcish Mines.
 10027 | D:11     | Noticed a two-headed ogre
 10124 | D:11     | Found a staircase to the Lair.
 10124 | D:11     | Noticed a death yak
 10159 | D:11     | Killed a death yak
 10159 | D:11     | Reached ** piety under Makhleb
 10367 | D:11     | Killed a two-headed ogre
 10367 | D:11     | Reached XP level 12. HP: 96/96 MP: 7/7
 10855 | Lair:1   | Entered Level 1 of the Lair of Beasts
 11229 | Lair:1   | Found a runed translucent gate.
 11229 | Lair:1   | Found a runed translucent gate.
 11229 | Lair:1   | Found a runed translucent gate.
 11237 | Lair:1   | Noticed Omyorom's ghost (novice SpEE)
 11237 | Lair:1   | Noticed Ceckukk's ghost (journeyman GrEE)
 11237 | Lair:1   | Noticed Kisinn's ghost (journeyman MiBe)
 12044 | Lair:2   | Found a staircase to the Snake Pit.
 12064 | Lair:2   | Reached *** piety under Makhleb
 12796 | Lair:3   | Reached skill level 15 in Axes
 12953 | Lair:3   | Found a shadowy altar of Dithmenos.
 12953 | Lair:3   | Noticed a six-headed hydra
 12966 | Lair:3   | Killed a six-headed hydra
 13037 | Lair:3   | Noticed a five-headed hydra
 13062 | Lair:3   | Killed a five-headed hydra
 13356 | Lair:4   | Reached XP level 13. HP: 82/102 MP: 8/8
 13393 | Lair:4   | Reached **** piety under Makhleb
 13471 | Lair:4   | Found a staircase to the Shoals.
 13707 | Lair:4   | Reached skill level 5 in Fighting
 14258 | Lair:5   | Found a staircase to the Slime Pits.
 14736 | Lair:6   | Entered Level 6 of the Lair of Beasts
 14962 | Lair:6   | Reached ***** piety under Makhleb
 15815 | Lair:6   | Gained mutation: You resist negative energy. (rN+) [Deep
                  | Dwarf growth]
 15815 | Lair:6   | Reached XP level 14. HP: 128/129 MP: 9/9
 15947 | Lair:6   | Reached skill level 10 in Shields
 16563 | D:12     | Paralysed by a hornet for 2 turns
 17116 | D:12     | Found a frozen archway.
 17140 | IceCv    | Entered an ice cave
 17168 | IceCv    | Reached ****** piety under Makhleb
 17345 | IceCv    | Found an ancient bone altar of Kikubaaqudgha.
 17870 | D:12     | Found Uzoan's Assorted Antiques.
 17884 | D:12     | Bought a runed kite shield for 180 gold pieces
 18594 | D:13     | Gained mutation: Your spells are a little easier to cast,
                  | but a little less powerful. [a shining eye]
 18605 | D:13     | Noticed a sphinx
 18624 | D:13     | Paralysed by a sphinx for 7 turns
 18649 | D:13     | Killed a sphinx
 18650 | D:13     | Found a hazy altar of Hepliaklqana.
 18652 | D:13     | Found a stormy altar of Qazlal.
 18695 | D:13     | Reached skill level 1 in Invocations
 19476 | D:14     | Reached skill level 5 in Invocations
 19595 | D:14     | Reached XP level 15. HP: 108/135 MP: 13/13
 19769 | D:14     | You fall into a shaft and drop 1 floor!
 19769 | D:15     | Entered Level 15 of the Dungeon
 19769 | D:15     | Found Tolues's Magic Scroll Boutique.
 19776 | D:15     | Found Seom's Armour Shoppe.
 19859 | D:15     | Reached skill level 10 in Invocations
 20087 | D:14     | Found a gate to the Vaults.
 20507 | D:15     | Found Hehidamm's Distillery.
 20631 | D:15     | Bought a potion of experience for 750 gold pieces
 20631 | D:15     | Reached XP level 16. HP: 144/144 MP: 18/20
 20672 | D:15     | Noticed Jorgrun
 20692 | D:15     | Killed Jorgrun
 20807 | D:15     | Found a staircase to the Depths.
 21309 | Snake:1  | Entered Level 1 of the Snake Pit
 21824 | Snake:2  | Found Zeunucoh's Food Shoppe.
 22197 | Snake:2  | Reached skill level 15 in Armour
 22530 | Snake:2  | Reached XP level 17. HP: 148/150 MP: 21/21
 24301 | Orc:1    | Entered Level 1 of the Orcish Mines
 24354 | Orc:1    | You fall into a shaft and drop 1 floor!
 24354 | Orc:2    | Entered Level 2 of the Orcish Mines
 24650 | Orc:2    | Found a staircase to the Elven Halls.
 24997 | Orc:2    | Noticed Erolcha
 25015 | Orc:2    | Killed Erolcha
 25188 | Orc:2    | Found Mappuxka's Antique Armour Shop.
 25188 | Orc:2    | Found Dauvoz's Distillery.
 25188 | Orc:2    | Found Runuphu's Antique Weapon Shop.
 25198 | Orc:2    | Found Ugingok's General Store.
 25244 | Orc:2    | Bought a dazzling helmet for 199 gold pieces
 25244 | Orc:2    | Bought a glowing cloak for 157 gold pieces
 25254 | Orc:2    | Identified the cursed +0 helmet of the Game of Kings {rC+
                  | rN++ Str-3 SInv} (You bought it in a shop on level 2 of the
                  | Orcish Mines)
 25987 | Snake:4  | Entered Level 4 of the Snake Pit
 26076 | Snake:4  | Reached skill level 15 in Shields
 27611 | Snake:4  | Gained mutation: You passively map a large area around you.
                  | [Deep Dwarf growth]
 27611 | Snake:4  | Reached XP level 18. HP: 75/158 MP: 22/22
 28059 | Snake:4  | Got a serpentine rune of Zot
 28386 | Vaults:1 | Entered Level 1 of the Vaults
 28756 | Vaults:1 | Noticed a large abomination
 28844 | Vaults:1 | Killed a large abomination
 29396 | Vaults:1 | Gained mutation: You possess an exceptional clarity of
                  | mind. [a cacodemon]
 29578 | Vaults:1 | Identified the cursed +0 quick blade of Compulsion
                  | {distort, MR+ Int+5}
 29600 | Vaults:1 | Reached XP level 19. HP: 165/165 MP: 7/23
 29680 | Vaults:1 | Found Bomel's Magic Scroll Emporium.
 29687 | Vaults:1 | Bought a scroll of identify for 26 gold pieces
 29687 | Vaults:1 | Bought a scroll of identify for 26 gold pieces
 29687 | Vaults:1 | Bought a scroll of identify for 26 gold pieces
 29687 | Vaults:1 | Bought a scroll of identify for 26 gold pieces
 29687 | Vaults:1 | Bought a scroll of identify for 26 gold pieces
 30152 | Vaults:2 | Found a staircase to the Crypt.
 30481 | Vaults:2 | Found Reur's Weapon Shop.
 31890 | Vaults:3 | Reached XP level 20. HP: 172/172 MP: 8/24
 32620 | Vaults:3 | Got a coiled platinum ring
 33750 | Vaults:4 | Found Penn's Food Shop.
 33804 | Vaults:4 | Found Guusman's Armour Shoppe.
 33824 | Vaults:4 | Found Ibatoidu's Weapon Shoppe.
 33836 | Vaults:4 | Noticed Margery
 33860 | Vaults:4 | Killed Margery
 33952 | Vaults:4 | Found a runed translucent door.
 33954 | Vaults:4 | Noticed Adoajy's ghost (adept DsWr)
 34063 | Vaults:4 | Found Omiq's Antique Armour Emporium.
 34232 | Vaults:4 | Got a faintly humming scale mail
 34233 | Vaults:4 | Identified the ring of Votune {Fire Str+6} (You found it on
                  | level 3 of the Vaults)
 34417 | Depths:1 | Entered Level 1 of the Depths
 34524 | Depths:1 | Found a glowing golden altar of the Shining One.
 34733 | Depths:1 | Found a gateway to Hell.
 35034 | Depths:1 | You fall into a shaft and drop 1 floor!
 35087 | Depths:2 | Noticed a juggernaut
 35111 | Depths:2 | Killed a juggernaut
 35125 | Depths:2 | Noticed a golden dragon
 35135 | Depths:2 | Killed a golden dragon
 35212 | Depths:2 | Reached XP level 21. HP: 34/180 MP: 8/25
 35310 | Depths:2 | Found a portal to a secret trove of treasure.
 35337 | Depths:2 | Noticed Asterion
 35487 | Depths:2 | Identified the +1 scale mail of the Wild Haggis {Str+7
                  | Dex+2} (You found it on level 4 of the Vaults)
 35524 | Depths:2 | Identified 4 scrolls of acquirement
 35525 | Depths:2 | Acquired a manual of Dodging
 35556 | Depths:2 | Acquired a manual of Fighting
 35557 | Depths:2 | Acquired a manual of Dodging
 35558 | Depths:2 | Acquired the +4 pair of gloves "Taet" {Slay+2}
 35918 | Depths:2 | Noticed an ancient lich
 35940 | Depths:2 | Killed an ancient lich
 36067 | Depths:2 | Identified the Disquisition on Weightlessness and Clay
 36080 | Depths:2 | Reached skill level 15 in Dodging
 36113 | Depths:2 | Killed Asterion
 36594 | Depths:3 | Found Jeabeokh's Antique Weapon Shoppe.
 36747 | Depths:3 | Noticed a caustic shrike
 37216 | Orc:2    | Bought a scroll of brand weapon for 300 gold pieces
 38484 | Depths:2 | Noticed a golden dragon
 38499 | Depths:2 | Killed a golden dragon
 38947 | Depths:2 | Got a pair of shimmering gloves
 38976 | Depths:2 | Got a twisted chain mail
 38977 | Depths:2 | Identified the +0 pair of gloves of the Endless Bones
                  | {rPois Dex+4} (You found it on level 2 of the Depths)
 38978 | Depths:2 | Identified the cursed +1 chain mail "Umnu" {rPois Str-5
                  | Int+7} (You found it on level 2 of the Depths)
 38988 | Depths:2 | Identified the Handbook of Hurtful Transmigration
 39140 | Depths:3 | Noticed a juggernaut
 39141 | Depths:3 | Found a runed translucent door.
 39195 | Depths:3 | Killed a caustic shrike
 39751 | Depths:3 | Found a one-way gate leading to the halls of Pandemonium.
 39887 | Depths:3 | Identified the +7 long sword "Jomuc" {vorpal, rElec}
 39917 | Depths:3 | Noticed a golden dragon
 39919 | Depths:3 | Noticed a juggernaut
 39927 | Depths:3 | Killed a golden dragon
 39927 | Depths:3 | Reached XP level 22. HP: 188/188 MP: 26/26
 39936 | Depths:3 | Killed a juggernaut
 40291 | D:15     | Bought a scroll of enchant armour for 150 gold pieces
 40547 | Orc:2    | Bought 3 scrolls of enchant armour for 337 gold pieces
 40968 | Depths:4 | Found a gateway to a ziggurat.
 41022 | Depths:4 | Found a magical portal.
 41031 | WizLab   | Entered Zonguldrok's Shrine
 41363 | WizLab   | Noticed an antique lich
 41375 | WizLab   | Killed an antique lich
 41408 | WizLab   | Found the +9 sword of Zonguldrok {reap}
 41532 | Depths:4 | Noticed Frederick
 41553 | Depths:4 | Killed Frederick
 42028 | Depths:4 | Noticed the Enchantress
 42085 | Depths:4 | Killed the Enchantress
 42139 | Depths:4 | Found a one-way gate to the infinite horrors of the Abyss.
 42384 | Depths:4 | Noticed a golden dragon
 42396 | Depths:4 | Noticed a golden dragon
 42417 | Depths:4 | Killed a golden dragon
 42420 | Depths:4 | Killed a golden dragon
 42443 | Depths:4 | Noticed a golden dragon
 42446 | Depths:4 | Noticed a caustic shrike
 42457 | Depths:4 | Killed a golden dragon
 42479 | Depths:4 | Killed a caustic shrike
 42529 | Depths:4 | Noticed a golden dragon
 42542 | Depths:4 | Killed a golden dragon
 42891 | D:15     | Bought a scroll of enchant weapon for 150 gold pieces
 43565 | Depths:5 | Entered Level 5 of the Depths
 43752 | Depths:5 | Reached XP level 23. HP: 194/194 MP: 27/27
 43858 | Depths:5 | Found a gate to the Realm of Zot.
 44280 | Depths:5 | Noticed a juggernaut
 44294 | Depths:5 | Killed a juggernaut
 45003 | Crypt:1  | Entered Level 1 of the Crypt
 45401 | Crypt:1  | Noticed Donald
 45411 | Crypt:1  | Killed Donald
 46078 | Crypt:2  | Noticed Jory
 46095 | Crypt:2  | Killed Jory
 46126 | Crypt:2  | Reached skill level 10 in Fighting
 46653 | Crypt:3  | Entered Level 3 of the Crypt
 46796 | Crypt:3  | Noticed Mennas
 46826 | Crypt:3  | Killed Mennas
 46869 | Crypt:3  | Reached XP level 24. HP: 218/218 MP: 27/27
 46893 | Crypt:3  | Found an ancient bone altar of Kikubaaqudgha.
 46893 | Crypt:3  | Noticed an ancient lich
 46902 | Crypt:3  | Killed an ancient lich
 46941 | Crypt:3  | Got a masterwork hand axe
 46942 | Crypt:3  | Identified the cursed +2 hand axe of Beyond {vamp, rN+
                  | Stlth+} (You found it on level 3 of the Crypt)
 47164 | Crypt:3  | Found a staircase to the Tomb.
 47219 | Crypt:3  | Noticed Sojobo
 47250 | Crypt:3  | Killed Sojobo
 47311 | Crypt:3  | Reached skill level 15 in Fighting
 47956 | Elf:1    | Entered Level 1 of the Elven Halls
 48795 | Elf:2    | Found a runed translucent gate.
 48795 | Elf:2    | Found a runed translucent gate.
 48795 | Elf:2    | Found a runed translucent gate.
 49261 | Elf:2    | Found Huag's Weapon Shoppe.
 49581 | Elf:3    | Entered Level 3 of the Elven Halls
 50263 | Elf:3    | Identified the +7 great sword "Domegaz" {flame, *Rage rPois
                  | rF+ SInv}
 50265 | Elf:3    | Identified the +0 robe "Nuifuyll" {+Fly rF- SInv}
 50273 | Elf:3    | Identified the ring "Yclore" {rN+ Str+4}
 50313 | Elf:3    | Identified the cursed +1 robe "Vetebb" {Harm}
 50340 | Elf:3    | Identified the amulet of Undoing {Spirit Stlth+}
 50404 | Elf:3    | Identified the +4 spear "Varut" {vamp, rElec rC+ Dex+6}
 50412 | Elf:3    | Reached XP level 25. HP: 238/238 MP: 27/27
 50418 | Elf:3    | Identified the ring "Lidod" {Fire +Inv rElec}
 50748 | Elf:3    | Found an ancient bone altar of Kikubaaqudgha.
 50748 | Elf:3    | Noticed Aizul
 50760 | Elf:3    | Killed Aizul
 51143 | Lair:1   | Killed Kisinn's ghost
 51143 | Lair:1   | Killed Omyorom's ghost
 51148 | Lair:1   | Killed Ceckukk's ghost
 51225 | Shoals:1 | Entered Level 1 of the Shoals
 51594 | Shoals:3 | Found Akkot's Book Boutique.
 51594 | Shoals:3 | Found Piju Ige's Jewellery Emporium.
 51631 | Shoals:3 | Found a gateway to a bazaar.
 51667 | Bazaar   | Entered a bazaar
 51667 | Bazaar   | Found Moeh's Distillery.
 51667 | Bazaar   | Found Ozxodizo's Antique Armour Shop.
 51699 | Bazaar   | Bought a runed cloak for 165 gold pieces
 51740 | Bazaar   | Found Otuedwoc's Antique Weapon Shop.
 51776 | Shoals:3 | Found Udalaopp's Assorted Antiques.
 52320 | Shoals:4 | Entered Level 4 of the Shoals
 52433 | Shoals:4 | Acquired a manual of Translocations
 52543 | Shoals:4 | Reached skill level 1 in Translocations
 52696 | Shoals:4 | Got a polished helmet
 52697 | Shoals:4 | Identified the +1 helmet "Piut" {-Cast rElec rN+ Int+6}
                  | (You found it on level 4 of the Shoals)
 52773 | Shoals:4 | Reached skill level 5 in Translocations
 52779 | Shoals:4 | Noticed Bai Suzhen
 52819 | Shoals:4 | Killed Bai Suzhen
 52840 | Shoals:4 | Got a barnacled rune of Zot
 53715 | Hell     | Entered the Vestibule of Hell
 53715 | Hell     | Noticed Geryon
 53731 | Hell     | Reached skill level 10 in Translocations
 53762 | Hell     | Killed Geryon
 53884 | Hell     | Found a gateway to the Iron City of Dis.
 53955 | Hell     | Found a gateway to the freezing wastes of Cocytus.
 54030 | Hell     | Found a gateway to the decaying netherworld of Tartarus.
 54079 | Hell     | Learned a level 8 spell: Controlled Blink
 54162 | Hell     | Found a gateway to the ashen valley of Gehenna.
 54300 | Tar:1    | Entered Level 1 of Tartarus
 54361 | Tar:1    | Reached skill level 15 in Translocations
 54567 | Tar:1    | Reached XP level 26. HP: 247/247 MP: 27/27
 56352 | Tar:3    | Found a huge runed gate.
 56352 | Tar:3    | Found a huge runed gate.
 56352 | Tar:3    | Found a huge runed gate.
 56352 | Tar:3    | Found a huge runed gate.
 56352 | Tar:3    | Found a huge runed gate.
 56352 | Tar:3    | Found a huge runed gate.
 56353 | Tar:3    | Found a huge runed gate.
 56353 | Tar:3    | Found a huge runed gate.
 56354 | Tar:3    | Found a huge runed gate.
 56362 | Tar:3    | Found a huge runed gate.
 56362 | Tar:3    | Found a huge runed gate.
 56362 | Tar:3    | Found a huge runed gate.
 56362 | Tar:3    | Found a huge runed gate.
 56362 | Tar:3    | Found a huge runed gate.
 56363 | Tar:3    | Found a huge runed gate.
 56372 | Tar:3    | Noticed an ancient lich
 56372 | Tar:3    | Noticed an ancient lich
 56385 | Tar:3    | Killed an ancient lich
 56388 | Tar:3    | Killed an ancient lich
 56812 | Tar:3    | Reached XP level 27. HP: 254/254 MP: 27/27
 59036 | Tar:5    | Learned a level 2 spell: Blink
 59471 | Tar:5    | Reached skill level 27 in Armour
 59475 | Tar:5    | Reached skill level 1 in Spellcasting
 59911 | Tar:6    | Reached skill level 5 in Spellcasting
 60886 | Tar:6    | Reached skill level 10 in Spellcasting
 60906 | Tar:7    | Entered Level 7 of Tartarus
 61329 | Tar:7    | Gained mutation: You are resistant to hostile enchantments.
                  | (MR+) [a neqoxec]
 61439 | Tar:7    | Noticed an ancient lich
 61448 | Tar:7    | Killed an ancient lich
 62556 | Tar:7    | Noticed Ereshkigal
 62583 | Tar:7    | Killed Ereshkigal
 62623 | Tar:7    | Got a bone rune of Zot
 62987 | Dis:1    | Entered Level 1 of the Iron City of Dis
 63040 | Dis:1    | Gained mutation: Armour fits poorly on your strangely
                  | shaped body. [a cacodemon]
 64115 | Dis:2    | Found a burning altar of Makhleb.
 65883 | Dis:4    | You fall into a shaft and drop 2 floors!
 66916 | Dis:5    | Reached skill level 27 in Shields
 68009 | Dis:7    | Entered Level 7 of the Iron City of Dis
 69022 | Dis:7    | Got a shimmering pewter ring
 69053 | Dis:7    | Identified the +4 staff of Dispater
 69053 | Dis:7    | Noticed Dispater
 69079 | Dis:7    | Killed Dispater
 69094 | Dis:7    | Got an iron rune of Zot
 69167 | Dis:7    | Found the +6 arbalest "Damnation" {damnation}
 69480 | Dis:7    | Got a smoking war axe
 69481 | Dis:7    | Identified the ring "Ofe Bewk" {rN+ MR+ MP+9 Int+2 Slay+3}
                  | (You found it on level 7 of the Iron City of Dis)
 69482 | Dis:7    | Identified the +5 war axe of Reason {flame, *Drain rC++
                  | Str+6} (You found it on level 7 of the Iron City of Dis)
 69867 | Geh:1    | Entered Level 1 of Gehenna
 71841 | Geh:3    | Reached skill level 27 in Translocations
 73779 | Geh:5    | Reached skill level 27 in Dodging
 74756 | Geh:6    | Reached skill level 15 in Spellcasting
 75804 | Geh:7    | Entered Level 7 of Gehenna
 76312 | Geh:7    | Identified the +7 sceptre of Asmodeus
 76312 | Geh:7    | Noticed Asmodeus
 76339 | Geh:7    | Killed from afar by Asmodeus

Illustrated notes

Levels and vault maps discovered:
D:1:      heliophobic_arrival_enchanted_forest, layout_basic
D:2:      layout_basic, lemuel_crystal_altar, marbit_many_paths, hex_large,
          hangedman_abyss_or_decor_lesser_grid, uniq_terence
D:3:      layout_rooms, first_ration, uniq_jessica, uniq_grinder, uniq_natasha
D:4:      layout_layer_cave, roderic_lattice_a, uniq_ijyb
D:5:      layout_basic, enter_ossuary_3, uniq_sigmund
D:6:      layout_rooms, minitemple, minmay_temple_entry_drinking_statues,
          gup_sewer_entry_bowl, minmay_misc_feat_pillars
D:7:      layout_basic, nicolae_dithmenos_through_a_glass_darkly,
          hellmonk_ghost_happy_afterlife
D:8:      layout_gridville, lemuel_doored_altar
D:9:      layout_rooms, lightli_temple_of_fire, led_sif_book, grunt_livestock
D:10:     layout_irregular_city, erik_orc_2, serial_shops, kennysheep_mini,
          kennysheep_generic_room_11
D:11:     layout_irregular_city, david_lair_generic, serial_glass,
          glass_columns_c, glass_columns_a, grunt_ministairs_8, kennysheep_donut
D:12:     layout_stronghold, portal_ice_cave_demonic_guard, serial_shops,
          nicolae_shop_waterfront
D:13:     layout_loops_ring, jmf_multi_god_temple
D:14:     layout_big_octagon, hangedman_vaults_entry_quadrant_bands,
          infiniplex_staircase_diamond
D:15:     grunt_enter_depths_snipers, layout_long_grid, serial_shops, shop,
          shop, shop, ebering_dispersal_statue_hall, uniq_jorgrun
Temple:   minmay_temple_bridge_abc
Lair:1:   layout_roguey, gammafunk_ghost_cemetery
Lair:2:   layout_gridlike, guppyfry_snake_entry_island, minivault_26,
          serial_bayou_shore_b, infiniplex_staircase_pool
Lair:3:   layout_roguey, basic_altar, bh_autumn_forest_stairs
Lair:4:   layout_hall_layers, shoals_dummy_entry, minmay_lair_oklob_bushes,
          grunt_megastairs_2
Lair:5:   layout_long_grid, slime_dummy
Lair:6:   minmay_lair_end_enchanted_forest, layout_regular_city
Shoals:1: layout_shoals
Shoals:2: layout_shoals, nicolae_shoals_stone_sculpture_thing
Shoals:3: layout_shoals, serial_shops, bzr_entry_islet, shop, shop, shop
Shoals:4: shoals_end_grunt_ice, layout_shoals, uniq_bai_suzhen
Snake:1:  layout_basic, nicolae_snake_serpentine_hallways
Snake:2:  layout_chambers, serial_shops, nicolae_shop_trees
Snake:3:  layout_cave_town
Snake:4:  snake_pit_salamanders_mu, layout_cave_town, serial_bayou_shore_b
Orc:1:    layout_diamond_mine, serial_shops, shop, nicolae_orc_sculptors_studio
Orc:2:    st_orc_mages, layout_diamond_mine, uniq_erolcha
Elf:1:    eino_elf_arrival_sip, layout_loops_ring, hangedman_elf_represent,
          drop_trap
Elf:2:    layout_onion_city, serial_shops, shop, lemuel_flamethrower_1
Elf:3:    minmay_elf_hall_furrowed, layout_geoelf_diagonals, basic_altar,
          hangedman_glass_teeth, grunt_ministairs_15, palyth_stone_intersect,
          uniq_aizul
Vaults:1: ontoclasm_vaults_hangar, v_alt_pattern_5, v_misc_16,
          nicolae_vaults_windows_and_doors_thing, ontoclasm_vaults_shout,
          hangedman_vaults_locks, ontoclasm_vaults_idyll,
          nicolae_vaults_network_barrier, vaults_room_fours, v_alt_pattern_1,
          v_pattern_2, vaults_dpeg_ring, layout_vaults_omnibox, serial_shops,
          shop
Vaults:2: minmay_crypt_entry_simple_box, vaults_standard_mumra_lines,
          nicolae_vaults_diagonal_hallway_7, nicolae_vaults_fighting_squares,
          nicolae_vaults_network_quincunx
          [nicolae_vaults_network_quincunx_subvault,
          nicolae_vaults_network_quincunx_subvault,
          nicolae_vaults_network_quincunx_subvault,
          nicolae_vaults_network_quincunx_subvault,
          nicolae_vaults_network_quincunx_subvault], hangedman_vaults_corner,
          vaults_room_ringed_pool, v_alt_pattern_2, grunt_vaults_bifocal,
          v_misc_12, hangedman_vaults_river_flow,
          nicolae_vaults_big_angled_halls, v_misc_23, v_misc_19,
          nicolae_vaults_little_squares_2, vaults_room_stairs_pillars,
          layout_vaults_maze, serial_shops, shop
Vaults:3: v_misc_18, hangedman_vaults_restitches, hangedman_vaults_maws,
          ontoclasm_vaults_bender, vaults_standard_mumra_x,
          vaults_dpeg_encased_lava, nicolae_vaults_statue_guard, v_misc_26,
          v_misc_27, v_alt_pattern_1, ontoclasm_vaults_pinch,
          nicolae_vaults_little_squares_3, v_alt_pattern_3,
          nicolae_vaults_specimen_jars, nicolae_vaults_ring_of_whatevers,
          v_misc_15, nicolae_vaults_little_squares_5, vaults_room_pools,
          layout_vaults_omnicross
Vaults:4: ebering_vaults_ghost_reflecting_pool, nicolae_vaults_little_squares_1,
          vaults_room_boxed, v_misc_16, nicolae_vaults_little_squares_2,
          layout_vaults_quadrants, serial_shops, shop_statue,
          nicolae_shop_crystal, shop, shop, uniq_margery
Crypt:1:  layout_regular_city, grunt_crypt_arrival_guarded_gate, uniq_donald
Crypt:2:  layout_regular_city, uniq_jory
Crypt:3:  cryptofortress_bobbens, uniq_sojobo, uniq_mennas
Depths:1: hangedman_screamer, layout_gridlike, serial_sigils_hangedman_quiver,
          hell_entry, kennysheep_flooded_box, kennysheep_inner_square
Depths:2: gold_lair_mu, layout_gridlike, enter_trove_1, special_room
          [special_room_magic_class], pf_hell_entry_tar_river,
          minmay_door_square, minmay_librarian, infiniplex_staircase_zigzag_4,
          uniq_asterion
Depths:3: minmay_the_grid_triangle_9x9_rhombus_full_mashed
          [minmay_the_grid_triangle_9x9_empty,
          minmay_the_grid_triangle_9x9_empty,
          minmay_the_grid_triangle_9x9_subtriangle,
          minmay_the_grid_triangle_9x9_from_above,
          minmay_the_grid_triangle_9x9_warning,
          minmay_the_grid_triangle_9x9_impossible_snake,
          minmay_the_grid_triangle_9x9_intruding_spiral,
          minmay_the_grid_triangle_9x9_prize_schism], layout_gridlike,
          serial_shops, shop, hell_entry, grunt_pan_entry_in_and_out,
          moated_statue, infiniplex_staircase_zigzag_2
Depths:4: minmay_stepped, layout_basic, enter_ziggurat_a,
          abyss_entry_small_statue_room, mu_enter_wizlab_2, pf_coc_iceberg,
          corexii_corridor_pit, infiniplex_staircase_zigzag_1, uniq_enchantress,
          uniq_frederick
Depths:5: grunt_zot_entry_tricorne, layout_gridlike, rand_demon_pan_entry_7,
          abyss_entry_crystal, minmay_misc_feat_alley,
          pf_vacation_house_of_asmodeus, hangedman_decor_diamond_cutter,
          serial_bayou_shore_b
Hell
Dis:1:    layout_gridville
Dis:2:    kennysheep_iron_temple, layout_subdivisions
Dis:3:    layout_gridville, hangedman_player_shredder
Dis:4:    layout_gridville
Dis:5:    layout_regular_city
Dis:6:    layout_subdivisions
Dis:7:    iron_city_of_dis [dis_old, dis_wall_6], layout_chaotic_city,
          nicolae_dis_lava_storage_tank
Geh:1:    layout_gehenna_pools_box, grunt_megastairs_4
Geh:2:    layout_gehenna_pools_triple
Geh:3:    layout_gehenna_lava_caves
Geh:4:    layout_gehenna_pools_triple
Geh:5:    layout_gehenna_pools_basic, hangedman_hellfire_club
Geh:6:    layout_gehenna_pools_triple, lemuel_flamethrower_3
Geh:7:    geh_hangedman
Tar:1:    layout_grid_maze
Tar:2:    layout_cathedral_of_symmetry
Tar:3:    layout_cathedral_of_symmetry, door_vault
Tar:4:    layout_grid_maze
Tar:5:    layout_grid_maze
Tar:6:    layout_cathedral_of_symmetry
Tar:7:    tar_minmay_river

Skill      XL: |  1  2  3  4  5  6  7  8  9 10 11 12 13 14 15 16 17 18 19 20 21 22 23 24 25 26 27 |
---------------+----------------------------------------------------------------------------------+-----
Axes           | 3 4 5 8 10 12 16 17 21 22 | 22.5
Shields        | 6 7 9 14 15 16 18 20 27 | 27.0
Armour         | 6 9 10 13 15 17 19 22 23 27 | 27.0
Dodging        | 1 6 10 20 23 25 27 | 27.0
Fighting       | 9 13 16 | 16.5
Invocations    | 6 14 | 14.2
Translocations | 17 20 27 | 27.0
Spellcasting   | 17 | 17.1

Action                   |  1- 3 |  4- 6 |  7- 9 | 10-12 | 13-15 | 16-18 | 19-21 | 22-24 | 25-27 || total
-------------------------+-------+-------+-------+-------+-------+-------+-------+-------+-------++-------
Melee: War axe           |    87 |   187 |   521 |   513 |   383 |   642 |       |       |       ||  2333
       Unarmed           |    33 |       |       |       |       |       |       |       |       ||    33
       Trident           |       |       |       |   921 |  1796 |  1189 |       |       |       ||  3906
       Hand axe          |       |       |       |       |       |   289 |       |       |       ||   289
       Broad axe         |       |       |       |       |       |    49 |  1758 |  1761 |  6165 ||  9733
Throw: Dart              |       |       |       |    11 |       |       |       |       |       ||    11
 Cast: Controlled Blink  |       |       |       |       |       |       |       |       |     4 ||     4
       Blink             |       |       |       |       |       |       |       |       |     2 ||     2
Invok: Greater Servant o |       |       |       |       |       |     2 |     4 |     1 |     1 ||     8
       Minor Destruction |       |       |       |       |       |       |     9 |       |       ||     9
       Major Destruction |       |       |       |       |       |       |     4 |     1 |       ||     5
       Lesser Servant of |       |       |       |       |       |       |     1 |     1 |       ||     2
 Abil: Heal Wounds       |     1 |     4 |    13 |    12 |     3 |     1 |     2 |       |       ||    36
Evoke: Wand              |       |       |     1 |     1 |       |       |     2 |       |       ||     4
  Use: Scroll            |       |     3 |       |     9 |     7 |     3 |    27 |    20 |    12 ||    81
       Potion            |       |       |     2 |       |     3 |     4 |     5 |       |     8 ||    22
 Stab: Confused          |       |       |     1 |     2 |       |       |     2 |       |       ||     5
       Distracted        |       |       |       |       |       |     2 |     3 |     1 |       ||     6
  Eat: Chunk             |       |     5 |    14 |    29 |    24 |    25 |    32 |    18 |    39 ||   186
       Ration            |       |       |       |       |     1 |     2 |     1 |     5 |    17 ||    26
Armor: Scale mail        |    49 |     1 |       |       |       |       |       |       |       ||    50
       Chain mail        |       |    92 |   231 |   261 |       |   285 |   359 |       |       ||  1228
       Plate armour      |       |       |       |   352 |   894 |   189 |   101 |     6 |       ||  1542
       Gold dragon scale |       |       |       |       |       |       |       |   538 |  1268 ||  1806
Dodge: Dodged            |    54 |    38 |    95 |   483 |   687 |   424 |   449 |   448 |  1206 ||  3884
Block: Kite shield       |    55 |   102 |   273 |  1064 |  1947 |  1716 |  1440 |   847 |       ||  7444
       Reflection        |       |       |     1 |    10 |    70 |   185 |   111 |    74 |   102 ||   553
       Tower shield      |       |       |       |       |       |       |       |   654 |  5710 ||  6364
